Map: Central Protocol

Players

AcerBly (Bly)

  • Race: Zerg Zerg

Apocalypse - Winner!

  • Race: Terran Terran

Event: Gauntlet LotV Series 1 Qualifier 1

VOD

Have the link to the VOD?

Description

Time

  • Played on: Nov. 22, 2015, 8:30 p.m.
  • Length: 11:00

All games in this series

Show
View Real Time Build Order
Export as new Build Order

AcerBly Zerg 

Build Orders: Hatch First, Ravager All-In 

Get SALT Encoding   

  12  0:04  Drone  
  13  0:15  Overlord  
  13  0:20  Drone  
  14  0:34  Drone x2  
  16  0:38  Drone  
  17  0:56  Hatchery  
  16  1:01  Drone x2  
  18  1:05  Extractor  
  17  1:18  Spawning Pool  
  16  1:20  Drone  
  16  1:23  Drone  
  18  1:31  Drone  
  19  1:42  Overlord  
  19  2:06  Queen, Zergling x4  
  23  2:08  Zergling x2  
  23  2:09  Queen  
  23  2:10  Metabolic Boost  
  26  2:18  Drone  
  26  2:20  Drone  
  28  2:26  Drone  
  29  2:31  Overlord  
  28  2:43  Drone x2  
  30  2:48  Drone  
  31  2:51  Roach Warren  
  30  2:59  Overlord  
  30  3:03  Drone x2  
  31  3:08  Overlord  
  31  3:12  Extractor  
  31  3:16  Zergling x2  
  31  3:19  Zergling x6  
  34  3:40  Roach x2  
  41  3:41  Roach x3  
  41  3:47  Drone  
  41  3:48  Drone x3  
  47  3:54  Drone x3  
  47  3:55  Drone  
  51  4:15  Overlord  
  50  4:21  Zergling x12  
  55  4:28  Overlord  
  55  4:31  Ravager  
  55  4:32  Ravager x3  
  59  4:38  Ravager  
  59  4:40  Zergling x10  
  44  5:13  Drone x6  
  44  5:14  Drone x2  
  52  5:17  Lair  
  51  5:27  Hatchery  
  48  5:31  Drone x3  
  48  5:33  Queen  
  53  5:41  Roach  
  53  5:42  Roach  
  57  5:45  Roach x4  
  57  5:46  Roach  
  57  5:49  Extractor  
  66  5:50  Extractor  
  66  5:53  Roach  
  66  5:54  Roach x2  
  62  6:12  Drone x4  
  62  6:16  Glial Reconstitution  
  66  6:20  Drone x4  
  66  6:21  Drone x2  
  72  6:27  Overlord  
  72  6:35  Evolution Chamber x2  
  72  6:39  Roach  
  74  6:40  Roach  
  74  6:43  Roach  
  74  6:45  Queen  
  78  6:49  Ravager x3  
  78  6:52  Overlord  
  81  6:55  Overlord  
  81  6:57  Queen  
  81  7:08  Zerg Missile Weapons Level 1, Overlord x2, Zerg Ground Armor Level 1  
  81  7:09  Overlord  
  81  7:24  Drone x10  
  91  7:32  Roach x3  
  92  7:38  Roach  
  92  7:39  Roach  
  94  7:53  Tunneling Claws  
  94  7:55  Drone x6  
  100  8:00  Overlord  
  100  8:04  Queen  
  102  8:06  Queen  
  102  8:09  Overseer  
  104  8:25  Roach  
  104  8:26  Roach x8  
  122  8:32  Overlord  
  115  8:35  Drone  
  115  8:36  Drone x5  
  120  8:43  Overlord  
  118  9:02  Roach x9  
  136  9:14  Extractor  
  135  9:24  Burrow  
  135  9:29  Extractor  
  135  9:30  Extractor  
  133  9:41  Hatchery  
  133  9:43  Drone  
  133  9:44  Drone x3  
  132  10:03  Drone x4  
  132  10:04  Drone x2, Overlord x2  
  132  10:05  Overlord x3  
  138  10:12  Spore Crawler  
  137  10:16  Roach  
  137  10:17  Roach x3  
  129  10:32  Roach x2  
  129  10:33  Roach x13  
Show
View Real Time Build Order
Export as new Build Order

Apocalypse Terran - Winner!

Build Orders: Reaper Expand, MMM Bio 

Get SALT Encoding   

  12  0:01  SCV  
  13  0:13  SCV  
  14  0:17  Supply Depot  
  14  0:25  SCV  
  15  0:39  SCV  
  15  0:41  Barracks  
  16  0:44  Refinery  
  16  0:51  SCV  
  17  1:03  SCV  
  18  1:15  SCV  
  19  1:28  Orbital Command  
  19  1:29  Reaper  
  20  1:44  Command Center  
  20  1:53  SCV  
  21  1:56  Supply Depot  
  21  2:01  Barracks Reactor  
  21  2:05  SCV  
  22  2:11  Refinery  
  22  2:18  SCV  
  23  2:30  SCV, Factory  
  23  2:32  Bunker  
  24  2:38  Marine x2  
  24  2:42  SCV  
  27  2:54  SCV  
  27  2:57  Orbital Command  
  28  2:58  Marine  
  28  3:06  SCV  
  28  3:09  Marine  
  30  3:14  Factory Tech Lab, Starport  
  30  3:18  SCV  
  30  3:19  Supply Depot  
  31  3:23  SCV  
  31  3:26  Marine  
  33  3:33  Cyclone  
  36  3:38  SCV x2  
  37  3:44  Supply Depot  
  37  3:50  SCV x2, Marine x2  
  37  3:54  Medivac  
  43  4:02  SCV x2  
  45  4:07  Siege Tank  
  48  4:11  Marine  
  48  4:12  Marine  
  48  4:14  SCV  
  51  4:19  Supply Depot  
  51  4:21  SCV  
  51  4:22  Bunker  
  52  4:26  SCV  
  52  4:27  Refinery  
  52  4:29  Marine x2  
  55  4:34  SCV  
  56  4:38  SCV  
  56  4:40  Siege Tank  
  60  4:46  SCV  
  60  4:49  Marine  
  60  4:51  SCV  
  60  5:02  Marine  
  56  5:09  SCV  
  56  5:12  SCV  
  58  5:16  Barracks  
  58  5:18  Barracks  
  58  5:21  SCV  
  58  5:23  Marine  
  58  5:24  Siege Tank, Marine  
  64  5:29  SCV  
  64  5:33  SCV  
  64  5:34  Starport Reactor  
  64  5:35  Engineering Bay  
  66  5:45  Marine x2  
  66  5:49  Supply Depot  
  68  5:50  Supply Depot  
  68  6:04  Siege Tank  
  70  6:10  Barracks Tech Lab  
  70  6:11  Barracks Tech Lab, Marine x2  
  69  6:12  SCV  
  69  6:14  Medivac x2  
  69  6:15  SCV  
  69  6:16  Terran Infantry Weapons Level 1  
  77  6:23  Refinery  
  77  6:24  SCV  
  78  6:28  Barracks x2  
  78  6:30  Supply Depot  
  78  6:31  Stimpack, Marine x2  
  78  6:32  SCV  
  81  6:42  Marine x2  
  81  6:45  SCV, Combat Shields  
  84  6:49  SCV  
  81  7:02  SCV  
  81  7:03  Medivac  
  81  7:04  Marine x2, Medivac  
  81  7:05  Marauder  
  91  7:08  SCV  
  91  7:09  Marauder  
  91  7:14  Supply Depot x2  
  93  7:20  Command Center  
  86  7:35  Barracks Reactor  
  86  7:36  Marauder, Marine  
  89  7:41  Factory Reactor, Medivac x2  
  93  7:47  Marine  
  93  7:49  SCV  
  93  7:50  SCV  
  96  7:51  Marine  
  96  7:52  Supply Depot, Marauder  
  96  7:53  Marine  
  96  7:54  Supply Depot  
  100  8:01  SCV, Marine  
  100  8:04  Concussive Shells  
  100  8:05  Marine  
  103  8:09  Marauder  
  103  8:10  Terran Infantry Armor Level 1  
  103  8:11  Marine  
  106  8:13  Marauder  
  106  8:14  Marine  
  106  8:19  Marine  
  109  8:23  Marine  
  111  8:27  Marine  
  111  8:31  Marauder  
  114  8:34  Marauder, Medivac  
  114  8:35  Marine x2  
  114  8:38  Marauder  
  118  8:43  Medivac  
  118  8:45  Marine x2, Orbital Command  
  117  8:49  Widow Mine x2  
  117  8:52  Marine  
  117  8:53  Marine x2  
  124  8:56  Marauder  
  124  8:59  Marauder  
  128  9:03  Marine  
  128  9:07  Marine  
  130  9:10  Marauder  
  130  9:12  Orbital Command  
  132  9:17  Marine x2  
  132  9:18  Marauder  
  132  9:19  Medivac  
  132  9:20  Marine  
  132  9:21  Marine  
  140  9:24  Supply Depot  
  140  9:25  Supply Depot x2, Marine  
  140  9:26  Armory  
  140  9:31  Engineering Bay  
  141  9:46  Marauder x2, Marine x5  
  150  10:04  Marine x3  
  153  10:09  Marine x3  
  153  10:10  Marauder  
  153  10:11  Widow Mine  
  153  10:12  Supply Depot  
  153  10:13  Supply Depot  
  160  10:16  Supply Depot  
  160  10:21  Marine x3  
  160  10:27  Marauder  
  164  10:29  Marauder  
  164  10:32  Marine x2  
  161  10:39  Marine  
Tags
 
Add a new tag
Caveats
  • Supply blocks, unpowered buildings, or Contaminate may cause inaccurate times.
  • Supply counts are checked every 10 seconds.